 Dungeon Crawl Stone Soup version 0.22-a0-567-gff9aefc (webtiles) character file.

70 inc the Firebug (level 4, 0/27 HPs)
             Began as an Octopode Fire Elementalist on June 29, 2018.
             Was an Initiate of Gozag.
             Succumbed to an adder's poison
             ... on level 2 of the Dungeon.
             The game lasted 00:02:56 (1707 turns).

inc the Firebug (Octopode Fire Elementalist)        Turns: 1707, Time: 00:02:57

Health: 0/27       AC:  2    Str: 10    XL:     4   Next: 21%
Magic:  2/7        EV: 13    Int: 18    God:    Gozag
Gold:   8          SH:  0    Dex: 10    Spells: 3/7 levels left

rFire    . . .     SeeInvis .   d - +0 short sword
rCold    . . .     Gourm    .   (no shield)
rNeg     . . .     Faith    .   (helmet restricted)
rPois    .         Spirit   .   (no amulet)
rElec    .         Reflect  .   (no ring)
rCorr    .         Harm     .   (no ring)
MR       .....                  (no ring)
Stlth    +++.......             (no ring)
HPRegen  0.09/turn              (no ring)
MPRegen  0.10/turn              (no ring)
                                (no ring)
                                (no ring)

@: mighty, lethally poisoned (0 -> -3), berserk cooldown, flying, slowed, very
slow
A: almost no armour, stealthy swim, amphibious, 8 rings, constrict 8, camouflage
1, clumsy 1, shaggy fur 1, weak 1, gelatinous body 1, MP-powered wands
a: Potion Petition, Call Merchant, Bribe Branch, Renounce Religion


You were on level 2 of the Dungeon.
You worshipped Gozag.
Gozag was noncommittal.
You were not hungry.

You visited 1 branch of the dungeon, and saw 2 of its levels.

You collected 30 gold pieces.
You paid 22 gold pieces to Gozag.

Inventory:

Hand Weapons
 a - a +0 hand axe
 d - a +0 short sword (weapon)
Jewellery
 l - an uncursed ring of ice
 n - an uncursed ring of protection from cold {unknown}
Scrolls
 c - a scroll of fog {unknown}
 i - a scroll of remove curse {unknown}
 j - a scroll of amnesia {unknown}
 k - a scroll of enchant armour {unknown}
 m - a scroll of teleportation {unknown}
Comestibles
 b - 5 rations


   Skills:
 - Level 2.0 Dodging
 - Level 2.6 Stealth
 - Level 2.0 Spellcasting
 + Level 3.4 Conjurations
 + Level 3.5 Fire Magic


You had 3 spell levels left.
You knew the following spells:

 Your Spells              Type           Power        Failure   Level  Hunger
a - Flame Tongue          Conj/Fire      ##...        4%          1    #......
b - Conjure Flame         Conj/Fire      ##......     13%         3    ###....

Your spell library contained the following spells:

 Spells                   Type           Power        Failure   Level  Hunger
 Fireball                 Conj/Fire      ##........   77%         5    ######.
 Throw Flame              Conj/Fire      ##....       7%          2    ###....
 Sticky Flame             Conj/Fire      ##......     41%         4    #####..
 Inner Flame              Hex/Fire       #.......     26%         3    ###....


Dungeon Overview and Level Annotations

Branches:
Dungeon (2/15)

Altars:
Gozag
Hepliaklqana
The Shining One


Innate Abilities, Weirdness & Mutations

You cannot wear most types of armour.
You are very stealthy in the water. (Stealth+)
You are amphibious.
You can wear up to eight rings at the same time.
You can use your tentacles to constrict eight enemies at once.
Your skin changes colour to match your surroundings (Stealth+).
Your rubbery body absorbs attacks. (AC +1, EV +1)
You are clumsy. (Dex -2)
You are covered in fur. (AC +1)
You are weak. (Str -2)
You expend magic power (3 MP) to strengthen your wands.


Message History

You kill the adder!
You feel a strong urge to attack something.
* * * LOW HITPOINT WARNING * * *
You feel sick.
You feel your anger nearly subside.
You are no longer berserk.
You are exhausted.
You feel yourself slow down.
* * * LOW HITPOINT WARNING * * *
You feel sick.
It was a potion of flight.
You feel very buoyant.
You fly up into the air.
* * * LOW HITPOINT WARNING * * *
You feel sick.
There is a lethal amount of poison in your body!
* * * LOW HITPOINT WARNING * * *
You feel sick.
Your magical contamination has completely faded away.
You die...
Your body crumbles into a pile of gold.

.# #...............#.#.#.#
.#
####...............#.._..#
.#
#..................###.###
.# #..................#
#..# .#
#..................# ##S#
.#
#..................####.#
.#
#....................##.#
##
#..................#.##.#
#............@......$...#
#######......####.####..#
# ######.##.....##..# ##
#.#...)...#..# .#
#.#.......#..# ##
#....._......# #
#†#.......#..#
#.#.......#..#
..##.....##..#


There were no monsters in sight!

Vanquished Creatures
  3 adders (D:2)
  3 dart slugs
  A leopard gecko (D:1)
  6 bats
  2 giant cockroaches (D:1)
  3 hobgoblins (D:2)
  4 jackals (D:1)
  2 frilled lizards
  7 goblins
  5 kobolds
36 creatures vanquished.

Notes
Turn   | Place    | Note
-------+----------+-------------------------------------------
     0 | D:1      | inc the Octopode Fire Elementalist began the quest for the Orb.
     0 | D:1      | Reached XP level 1. HP: 11/11 MP: 3/3
   478 | D:1      | Reached XP level 2. HP: 17/17 MP: 1/5
   868 | D:1      | Reached XP level 3. HP: 13/21 MP: 4/6
   876 | D:1      | Learned a level 3 spell: Conjure Flame
  1393 | D:2      | Found a glowing golden altar of the Shining One.
  1568 | D:2      | Found an opulent altar of Gozag.
  1583 | D:2      | Reached XP level 4. HP: 27/27 MP: 1/7
  1653 | D:2      | Became a worshipper of Gozag Ym Sagoz the Greedy
  1665 | D:2      | Found a hazy altar of Hepliaklqana.
  1694 | D:2      | Gained mutation: You are clumsy. (Dex -2) [potion of mutation]
  1694 | D:2      | Gained mutation: You are weak. (Str -2) [potion of mutation]
  1694 | D:2      | Gained mutation: You are covered in fur. (AC +1) [potion of mutation]
  1694 | D:2      | Gained mutation: You expend magic power (3 MP) to strengthen your wands. [potion of mutation]
  1705 | D:2      | HP: 1/27 [poisoned by an adder]
  1707 | D:2      | Succumbed to an adder's poison

Vault maps used:
D:1:      eino_arrival_tree_alley, serial_bayou_pond_a
D:2:      lemuel_crystal_altar, old_standard_altar,
          nicolae_tso_swordbearing_angel

Skill      XL: |  1  2  3 |
---------------+----------+-----
Conjurations   | 2 3 |  3.4
Dodging        | |  2.0
Stealth        | |  2.6
Spellcasting   | |  2.0
Fire Magic     | |  3.5

Action                   |  1- 3 |  4- 6 || total
-------------------------+-------+-------++-------
Melee: Hand axe          |     9 |       ||     9
       Constrict         |    12 |     1 ||    13
       Short sword       |    38 |     5 ||    43
       Tentacles         |     4 |     2 ||     6
 Cast: Flame Tongue      |    28 |     7 ||    35
  Use: Potion            |       |     4 ||     4
 Stab: Sleeping          |     4 |       ||     4
  Eat: Ration            |     1 |       ||     1
Armor: Skin              |     4 |     2 ||     6
Dodge: Dodged            |    31 |    16 ||    47

Table legend:
 A = Spawn XP
 B = Non-spawn XP
 C = Spawn XP percentage of total XP
 D = Spawn monster count
 E = Non-spawn monster count
 F = Spawn count percentage of total count
 G = Total turns spent on level
                    A         B        C        D         E        F      G
               +---------+---------+-------+---------+---------+-------+---------
         Total |       0 |     100 |   0.0 |       0 |      36 |   0.0 |  1707
               +---------+---------+-------+---------+---------+-------+---------
           D:1 |       0 |      38 |   0.0 |       0 |      20 |   0.0 |  1315
           D:2 |       0 |      62 |   0.0 |       0 |      16 |   0.0 |   392
               +---------+---------+-------+---------+---------+-------+---------
